 Dungeon Crawl Stone Soup version 0.22.0-6-g71bd7aa6b3 (webtiles) character file.

237 Flugkiller the Scratcher (level 5, -3/24 HPs)
             Began as a Felid Chaos Knight on Aug 14, 2018.
             Slain by a bullfrog (9 damage)
             ... on level 4 of the Dungeon.
             The game lasted 00:06:21 (4421 turns).

Flugkiller the Scratcher (Felid Chaos Knight)       Turns: 4421, Time: 00:06:22

Health: -3/24      AC:  3    Str:  8      XL:     5   Next: 77%
Magic:  6/6        EV: 20    Int: 13      God:    Xom [*.....]
Gold:   162        SH:  0    Dex: 14 (17) Spells: 4/4 levels left
                                        Lives:  0   Deaths: 1

rFire    . . .     SeeInvis +     - Unarmed
rCold    . . .     Gourm    .   (shield unavailable)
rNeg     . . .     Faith    .   (armour unavailable)
rPois    .         Spirit   .   (helmet unavailable)
rElec    .         Reflect  .   (cloak unavailable)
rCorr    .         Harm     .   (gloves unavailable)
MR       .....     Clarity  +   (boots unavailable)
Stlth    ++........             (no amulet)
HPRegen  0.08/turn              (no ring)
MPRegen  0.10/turn              (no ring)

@: quick
A: very small, no armour, no weapons or thrown items, stealth, claws 1, fangs 3,
molten scales 1, see invisible, carnivore, clarity, speed 1, shaggy fur 1, slow
metabolism 1, wild magic 1, sharp paws
a: Renounce Religion


You were on level 4 of the Dungeon.
You worshipped Xom.
You were a special plaything of Xom.
You were full.

You visited 1 branch of the dungeon, and saw 4 of its levels.

You collected 162 gold pieces.

Inventory:

Scrolls
 b - a scroll of amnesia {unknown}
 d - a scroll of enchant weapon {unknown}
 f - a scroll of magic mapping {unknown}
 g - a scroll of remove curse {unknown}
Potions
 c - a potion of heal wounds {unknown}
 e - 2 potions of flight
 i - a potion of curing {unknown}
Comestibles
 a - 7 rations
 h - 2 chunks of flesh


   Skills:
 - Level 3.0 Fighting
 + Level 5.5 Dodging
 - Level 2.0 Stealth
 + Level 6.1 Unarmed Combat


You had 4 spell levels left.
You didn't know any spells.
Your spell library was empty.

Dungeon Overview and Level Annotations

Branches:
Dungeon (4/15)
 Temple: D:4-7

Altars:
Ashenzari
Nemelex Xobeh


Innate Abilities, Weirdness & Mutations

You cannot wear armour.
You are incapable of wielding weapons or throwing items.
Your paws allow you to move quietly. (Stealth)
You have sharp claws.
You have razor-sharp teeth.
You have supernaturally acute eyesight. (SInv)
You are carnivorous and can eat meat at any time.
You cover ground quickly.
You are covered in fur. (AC +1)
You have a slow metabolism.
Your sharp claws are effective at attacking unaware monsters.
You are partially covered in molten scales. (AC +2)
You possess an exceptional clarity of mind.
Your spells are a little harder to cast, but a little more powerful.


Message History

You scratch the centaur skeleton. You claw the centaur skeleton.
You destroy the centaur skeleton!
You feel your dexterity returning.
You scratch the bullfrog.
You bite the bullfrog, but do no damage.
The bullfrog is lightly wounded.
The bullfrog misses you. The orc hits you with a hand axe!
* * * LOW HITPOINT WARNING * * *
The bullfrog closely misses you.
You claw the bullfrog!
The bullfrog is heavily wounded.
The bullfrog barely misses you. The orc closely misses you.
You barely miss the bullfrog.
The bullfrog is heavily wounded.
The bullfrog completely misses you.
The bullfrog hits you but does no damage.
You scratch the bullfrog.
The bullfrog is severely wounded.
The bullfrog hits you!
You die...

..........÷.......#
+......
..................#
#......
#.................#
#.###..
..................###
#..###.
....................###
#...###
.........#............#
##...##
.........#......o#....#
##...#
.%.............#F##...#.#
##...
.≈≈...........##@.......#
##..
≈≈≈≈.#........##......###
#..
#≈≈≈≈≈...........##....#
##.
.≈≈≈≈≈≈.....##..####.#..#
### .$≈≈≈≈≈.........#..
.# .# ####..
.≈≈≈#≈≈≈.........# . .
.......
⌠#≈≈≈≈≈≈≈.....#..## ..
...####
..≈≈≈≈≈≈≈......#..###...
## #
<.≈≈≈≈≈≈.5#.............#
#


You could see a bullfrog and an orc.

Vanquished Creatures
  A hound (D:4)
  A centaur skeleton (D:4)
  An orc wizard (D:2)
  An iguana (D:3)
  4 worker ants (D:4)
  3 gnolls (D:2)
  A howler monkey skeleton (D:4)
  2 adders (D:3)
  An ooze (D:2)
  A worm (D:2)
  4 dart slugs (D:4)
  2 leopard geckos
  2 orcs (D:2)
  3 giant cockroaches
  9 goblins
  6 hobgoblins
  10 jackals
  7 kobolds
  8 bats
  5 frilled lizards
  8 rats
80 creatures vanquished.

Vanquished Creatures (collateral kills)
  A dart slug (D:4)
  A frilled lizard (D:4)
2 creatures vanquished.

Grand Total: 82 creatures vanquished

Notes
Turn   | Place    | Note
-------+----------+-------------------------------------------
     0 | D:1      | Flugkiller the Felid Chaos Knight began the quest for the Orb.
     0 | D:1      | Reached XP level 1. HP: 10/10 MP: 2/2
   170 | D:1      | Reached XP level 2. HP: 14/14 MP: 3/3
   562 | D:1      | Reached skill level 4 in Unarmed Combat
   672 | D:1      | XOM: harmless Conj miscast
   755 | D:1      | Reached XP level 3. HP: 6/17 MP: 4/4
  1428 | D:2      | Reached XP level 4. HP: 7/21 MP: 5/5
  1676 | D:2      | XOM: divination: magic mapping
  1715 | D:2      | Reached skill level 5 in Unarmed Combat
  1817 | D:2      | Found a sparkling altar of Nemelex Xobeh.
  1909 | D:2      | XOM is BORED!
  1909 | D:2      | XOM: mild Fire miscast
  1955 | D:3      | XOM: noise
  2300 | D:2      | Found a shattered altar of Ashenzari.
  2407 | D:2      | Reached skill level 1 in Stealth
  2682 | D:2      | XOM: cast spell 'Summon Ice Beast'
  2727 | D:2      | XOM: cast spell 'Summon Butterflies'
  2823 | D:2      | XOM: scenery: 1 doors open
  3131 | D:3      | Reached XP level 5. HP: 22/24 MP: 6/6
  3206 | D:3      | XOM: harmless Necr miscast
  3671 | D:4      | HP: 1/36 [poisoned by a worker ant]
  3676 | D:4      | Succumbed to a worker ant's poison
  3677 | D:4      | Reached XP level 4. HP: 0/31 MP: 5/5
  3776 | D:4      | XOM: summons friendly ufetubus
  3777 | D:4      | XOM: confusion
  3779 | D:4      | XOM: summons 2 hostile demons
  3782 | D:4      | Reached XP level 5. HP: 23/24 MP: 6/6
  3838 | D:4      | Reached skill level 5 in Dodging
  4134 | D:4      | XOM: give mutations
  4134 | D:4      | Gained mutation: You possess an exceptional clarity of mind. [Xom's grace]
  4134 | D:4      | Gained mutation: You are partially covered in molten scales. (AC +2) [Xom's grace]
  4134 | D:4      | Gained mutation: Your spells are a little harder to cast, but a little more powerful. [Xom's grace]
  4303 | D:4      | Reached skill level 6 in Unarmed Combat
  4382 | D:4      | XOM: 4-stop teleportation journey
  4421 | D:4      | Slain by a bullfrog

Skill      XL: |  1  2  3  4  5 |
---------------+----------------+-----
Unarmed Combat | 4 5 6 |  6.1
Stealth        | 2 |  2.0
Dodging        | 5 |  5.5
Fighting       | |  3.0

Action                   |  1- 3 |  4- 6 || total
-------------------------+-------+-------++-------
Melee: Unarmed           |   102 |   155 ||   257
       Bite              |     9 |    14 ||    23
       Punch             |     1 |     5 ||     6
  Use: Scroll            |     3 |     1 ||     4
       Potion            |       |     1 ||     1
 Stab: Sleeping          |     3 |     5 ||     8
       Distracted        |       |     1 ||     1
  Eat: Chunk             |     8 |     8 ||    16
Armor: Skin              |     3 |    14 ||    17
Dodge: Dodged            |   104 |   177 ||   281
